 Dungeon Crawl Stone Soup version 0.31.0-11-ge490571c62 (webtiles) character file.

Game seed: 10397920893272876718

79 qw the Shooter (level 4, 0/22 HPs)
             Began as a Spriggan Hunter on Feb 4, 2024.
             Frozen to death by an endoplasm (4 damage)
             ... on level 3 of the Dungeon.
             The game lasted 00:00:04 (1279 turns).

qw the Shooter (Spriggan Hunter)                    Turns: 1279, Time: 00:00:04

Health: 0/22       AC:  2    Str:  7    XL:     4   Next: 16%
Magic:  5/5        EV: 19    Int: 10    God:
Gold:   58         SH:  0    Dex: 20    Spells: 3/3 levels left

rFire   . . .        a - +0 shortbow
rCold   . . .        (shield currently unavailable)
rNeg    . . .        c - +0 robe
rPois   .            (helmet restricted)
rElec   .            (no cloak)
rCorr   .            (gloves unavailable)
SInv    +            (boots unavailable)
Will    .....        (no amulet)
Stlth   ++           (no ring)
HPRegen 0.23/turn    (no ring)
MPRegen 0.09/turn

%: no passive effects
@: very quick
A: very small, no large weapons, unfitting armour, see invisible, speed 3
a: no special abilities


You were on level 3 of the Dungeon.
You visited 1 branch of the dungeon, and saw 3 of its levels.

You collected 58 gold pieces.


Innate Abilities, Weirdness & Mutations

You are very small and have problems with some larger weapons.
You are too small for most types of armour.
You have supernaturally acute eyesight. (SInv)
You cover ground extremely quickly. (Speed+++)


   Skills:
 - Level 1.5 Fighting
 - Level 5.0 Ranged Weapons
 + Level 4.5 Dodging
 - Level 1.5 Stealth


You had 3 spell levels left.
You didn't know any spells.
Your spell library was empty.

Inventory:

Hand Weapons
 a - a +0 shortbow (weapon)
Armour
 c - a +0 robe (worn)
Potions
 b - a potion of lignification {unknown}
 d - a potion of attraction {unknown}
 f - a potion of haste {unknown}
 g - a potion of magic {unknown}

Dungeon Overview and Level Annotations

Branches:
Dungeon (3/15)

Altars:


Message History

As you read the scroll labelled KUIDIM YTEUCS, it crumbles to dust.
You hear a loud clanging noise!
It was a scroll of noise.
Done exploring.
What level of the Dungeon? (default 2, ? - help)
There is a stone staircase leading down here.
You climb downwards.
Found a faded altar of an unknown god.
Found a stone staircase leading down.
There is a stone staircase leading up here.
There are monsters nearby!
Waypoint 2 assigned to D:3.
You shoot an arrow. The arrow hits the orc.
The orc shouts!
The orc is lightly wounded.
The ball python hisses angrily.
The orc shouts!
The orc priest shouts!
An endoplasm comes into view.
Something hits the plant.
The plant begins to die.
You hear a shout!
1274 ||| STAIRDANCE The orc barely misses you.
You climb upwards.
There is a stone staircase leading down here.
You shoot an arrow. The arrow hits the orc!
You kill the orc!
You climb downwards.
The ball python completely misses you. The ball python grabs you.
The ball python constricts you. The endoplasm freezes you.
You are frozen.
The orc priest mumbles some strange prayers to Beogh against you.
Beogh smites you!
Ouch! That really hurt!
The orc hits the plant with a +2 heavy war axe.
The plant begins to die.
A goblin comes into view. It is wielding a +0 club.
The ball python misses you. The ball python constricts you.
There is a stone staircase leading up here.
You shoot an arrow. The arrow hits the ball python!
You kill the ball python!
The endoplasm freezes you.
You are frozen.
You die...

.>...####
........
#..o... .
##.....
7P.
....P7...g
#....PPo.P
#..oPo.7
#.@%.PP7
#J......PP
#..#......
#..#######
#... #...
.... #..##


You could see an orc priest, 3 orcs, an endoplasm and a goblin.

Vanquished Creatures
  3 adders (D:2)
  A ribbon worm (D:2)
  3 dart slugs (D:1)
  An orc (D:2)
  4 ball pythons
  4 bats (D:1)
  3 endoplasms
  7 goblins
  5 hobgoblins
  3 kobolds (D:1)
  3 quokkas (D:2)
  3 frilled lizards (D:2)
  A rat (D:1)
41 creatures vanquished.

Notes
Turn   | Place    | Note
-------+----------+-------------------------------------------
     0 | D:1      | qw the Spriggan Hunter began the quest for the Orb.
     0 | D:1      | Reached XP level 1. HP: 10/10 MP: 2/2
     0 | D:1      | 0 ||| qw: Version: 0.3-a-160-g6735b56
     0 | D:1      | 0 ||| qw: Game counter: 5602
     0 | D:1      | 0 ||| qw: Melee chars always use a shield: true
     0 | D:1      | 0 ||| qw: God list: Okawaru
     0 | D:1      | 0 ||| qw: Allow faded altars: false
     0 | D:1      | 0 ||| qw: Do Orc after clearing Dungeon:15 true
     0 | D:1      | 0 ||| qw: Do second Lair branch before Depths: true
     0 | D:1      | 0 ||| qw: Lair rune preference: random
     0 | D:1      | 0 ||| qw: Goals: Normal
     0 | D:1      | 0 ||| PLANNING D:1-11
    36 | D:1      | Reached skill level 3 in Dodging
    84 | D:1      | Reached XP level 2. HP: 14/14 MP: 3/3
   667 | D:1      | Reached XP level 3. HP: 18/18 MP: 4/4
   854 | D:1      | 854 ||| DROPPING ring of magical power.
   855 | D:1      | 855 ||| DROPPING +6 ring of intelligence.
   856 | D:1      | 856 ||| DROPPING scroll of butterflies.
  1015 | D:2      | Reached skill level 5 in Ranged Weapons
  1089 | D:2      | Reached XP level 4. HP: 22/22 MP: 5/5
  1258 | D:2      | 1258 ||| READING scroll labelled KUIDIM YTEUCS.
  1272 | D:3      | Found a faded altar of an unknown god.
  1274 | D:3      | 1274 ||| STAIRDANCE
  1278 | D:3      | HP: 4/22 [orc priest/divine providence (15)]
  1279 | D:3      | Frozen to death by an endoplasm

Levels and vault maps discovered:
D:1:      dpeg_arrival_tiny_i, layout_basic, minmay_misc_feat_four_crosses,
          serial_park_tiny_pond
D:2:      layout_basic
D:3:      layout_basic, lemuel_tele_altar, dreamdust_ecumenical_altar_grove,
          hellmonk_ghost_happy_afterlife

Skill      XL: |  1  2  3 |
---------------+----------+-----
Dodging        | 3 4 |  4.5
Ranged Weapons | 5 |  5.0
Fighting       | |  1.5
Stealth        | |  1.5

Action                     |  1- 3 |  4- 6 || total
---------------------------+-------+-------++-------
   Fire: Shortbow          |    78 |    18 ||    96
    Use: Scroll            |       |     1 ||     1
 Armour: Robe              |     6 |       ||     6
  Dodge: Dodged            |    14 |     3 ||    17

Table legend:
 A = Non-vault XP
 B = Vault XP
 C = Vault XP percentage of total XP
 D = Non-vault monster count
 E = Vault monster count
 F = Vault count percentage of total count
                 A         B        C        D         E       F
            +---------+---------+-------+---------+---------+-------
      Total |     114 |       0 |   0.0 |      41 |       0 |   0.0
            +---------+---------+-------+---------+---------+-------
        D:1 |      42 |       0 |   0.0 |      21 |       0 |   0.0
        D:2 |      71 |       0 |   0.0 |      19 |       0 |   0.0
        D:3 |       1 |       0 |   0.0 |       1 |       0 |   0.0
            +---------+---------+-------+---------+---------+-------
